AoeStats
← Djgama17

Black Forest

510823471Analyzed
3v3 RM · 12h ago on Oct 2, 2026· 79m 30s· 6 players
Game mode
Random Map
Map size
Normal (6 player)
Population
200
Speed
Normal
Resources
Standard
Victory
Conquest
Starting age
Dark Age
Ending age
Imperial Age
RankedLock teamsTeams togetherTeam positionsShared explorationLock speedFull tech treeHidden civsTurbo modeCheats
Victory
Defeat
🇷🇴 Aztecs · Romania
612
+14
🇪🇸 Spanish · Spain
558
+16
🇬🇧 Khmer · United Kingdom
510
+18
🇧🇬 Chinese · Bulgaria
660
-19
528
-15
🇮🇳 Bohemians · India
521
-14
Djgama17
0:33 Loom
13:10 Feudal Age
14:32 Wheelbarrow
13:44 Double-Bit Axe
13:41 Horse Collar
16:22 Gold Mining
17:33 Stone Mining
21:45 Castle Age
23:37 Bow Saw
23:45 Heavy Plow
24:44 Stone Shaft Mining
28:03 Hand Cart
33:40 Imperial Age
32:16 Treadmill Crane
33:32 Caravan
34:03 Coinage
34:27 Coinage
34:39 Hand Cart
35:39 Fortified Wall
35:24 Murder Holes
35:50 Ballistics
36:38 Banking
36:54 Forging
36:44 Scale Mail Armor
36:45 Padded Archer Armor
36:35 Fletching
38:57 Iron Casting
38:37 Chain Mail Armor
38:39 Leather Archer Armor
38:19 Bodkin Arrow
39:00 Crop Rotation
38:47 Heated Shot
38:54 Murder Holes
39:18 Town Watch
39:04 Elite Skirmisher
40:38 Gold Shaft Mining
41:32 Banking
41:28 Bodkin Arrow
42:32 Garland Wars
42:32 Town Patrol
42:07 Crossbowman
44:16 Chemistry
43:16 Elite Jaguar Warrior
45:05 Squires
44:51 Gambesons
44:53 Arson
45:45 Plate Mail Armor
46:15 Blast Furnace
46:21 Blast Furnace
45:08 Eagle Warrior
46:12 Atlatl
47:21 Bracer
47:50 Arbalester
48:39 Onager
48:55 Elite Eagle Warrior
50:30 Sappers
51:20 Conscription
52:53 Siege Onager
55:33 Pikeman
59:23 Theocracy
58:43 Herbal Medicine
Montys8th
0:43 Loom
16:22 Feudal Age
21:37 Castle Age
20:13 Gold Mining
22:05 Crossbowman
23:08 Man-at-Arms
27:01 Town Watch
27:51 Wheelbarrow
28:37 Long Swordsman
28:38 Pikeman
30:29 Double-Bit Axe
33:02 Padded Archer Armor
33:02 Scale Mail Armor
33:13 Forging
32:54 Fletching
33:43 Guard Tower
34:45 Masonry
35:21 Elite Skirmisher
37:38 Heated Shot
37:59 Fortified Wall
37:44 Murder Holes
39:07 Gold Shaft Mining
38:22 Stone Mining
39:09 Tusk Swords
44:16 Imperial Age
43:25 Leather Archer Armor
42:57 Horse Collar
45:58 Chemistry
45:30 Architecture
46:30 Iron Casting
46:11 Chain Mail Armor
46:01 Scale Barding Armor
45:51 Bodkin Arrow
45:44 Halberdier
47:11 Caravan
47:13 Capped Ram
48:22 Double Crossbow
49:23 Two-Handed Swordsman
51:00 Heavy Cavalry Archer
52:42 Heavy Scorpion
54:06 Elite Ballista Elephant
57:11 Ballistics
57:54 Blast Furnace
60:03 Onager
61:52 Husbandry
61:13 Cavalier
62:32 Bow Saw
62:57 Arbalester
68:49 Elite Battle Elephant
71:33 Siege Ram
72:29 Bracer
72:59 Ring Archer Armor
73:20 Bloodlines
72:30 Light Cavalry
zarter85
2:43 Loom
13:19 Feudal Age
14:11 Double-Bit Axe
14:11 Horse Collar
14:34 Gold Mining
14:38 Stone Mining
16:15 Wheelbarrow
19:16 Town Watch
21:53 Castle Age
22:48 Bow Saw
22:42 Heavy Plow
23:21 Stone Shaft Mining
23:30 Caravan
26:29 Ballistics
26:31 Fletching
27:05 Hand Cart
27:28 Fervor
27:40 Sanctity
28:03 Murder Holes
28:45 Forging
28:35 Bodkin Arrow
34:48 Imperial Age
33:20 Forging
33:17 Scale Barding Armor
33:33 Bloodlines
34:30 Padded Archer Armor
35:07 Iron Casting
34:48 Masonry
35:16 Redemption
35:53 Chain Barding Armor
35:34 Bracer
36:23 Guilds
37:10 Theocracy
36:59 Husbandry
37:27 Conscription
37:30 Leather Archer Armor
37:51 Cavalier
39:14 Hoardings
40:11 Blast Furnace
40:00 Elite Conquistador
41:40 Town Patrol
42:21 Plate Barding Armor
42:58 Chemistry
42:27 Inquisition
43:55 Ring Archer Armor
43:45 Fortified Wall
44:09 Architecture
45:05 Paladin
46:16 Light Cavalry
49:32 Hussar
57:41 Block Printing
krico
11:01 Loom
14:51 Feudal Age
21:09 Castle Age
18:56 Horse Collar
24:26 Double-Bit Axe
29:33 Caravan
31:00 Gold Mining
31:03 Stone Mining
31:30 Bow Saw
31:23 Heavy Plow
39:53 Imperial Age
38:08 Wheelbarrow
37:18 Town Watch
38:32 Gold Shaft Mining
38:33 Stone Shaft Mining
38:15 Great Wall
38:32 Forging
38:23 Scale Mail Armor
38:14 Fletching
38:24 Padded Archer Armor
38:59 Thumb Ring
39:53 Iron Casting
39:24 Scale Barding Armor
40:16 Ballistics
40:06 Masonry
39:52 Murder Holes
40:07 Fortified Wall
41:03 Conscription
42:03 Two-Man Saw
41:22 Hand Cart
41:10 Town Patrol
43:04 Chemistry
41:56 Guard Tower
42:37 Architecture
41:55 Arrowslits
42:12 Bodkin Arrow
42:32 Leather Archer Armor
42:33 Chain Mail Armor
43:41 Blast Furnace
43:42 Rocketry
43:12 Elite Fire Lancer
43:30 Elite Chu Ko Nu
44:35 Heavy Rocket Cart
44:38 Capped Ram
45:55 Ring Archer Armor
45:25 Bracer
45:46 Chain Barding Armor
45:59 Plate Mail Armor
46:33 Keep
46:54 Siege Ram
64:12 Squires
simplysuresh.bellam
19:53 Feudal Age
20:39 Double-Bit Axe
21:20 Man-at-Arms
26:52 Castle Age
28:31 Bow Saw
30:42 Caravan
33:33 Imperial Age
32:22 Chemistry
31:18 Murder Holes
32:53 Wagenburg Tactics
35:03 Long Swordsman
35:59 Elite Hussite Wagon
40:02 Houfnice
43:00 Two-Man Saw
44:54 Wheelbarrow
44:04 Town Watch
Man_at_arms_rush_FC
1:07 Loom
12:11 Feudal Age
19:30 Wheelbarrow
19:34 Horse Collar
19:43 Double-Bit Axe
20:19 Gold Mining
20:53 Stone Mining
23:22 Castle Age
24:23 Bow Saw
24:50 Stone Shaft Mining
24:21 Heavy Plow
27:36 Hand Cart
32:36 Fletching
32:46 Padded Archer Armor
36:00 Imperial Age
35:03 Ballistics
34:39 Murder Holes
34:44 Bodkin Arrow
35:05 Leather Archer Armor
35:35 Caravan
35:44 Town Watch
37:14 Paper Money
36:19 Elite Rattan Archer
37:06 Bracer
37:37 Ring Archer Armor
39:28 Chemistry
38:49 Town Patrol
39:46 Thumb Ring
41:25 Forging
41:16 Scale Mail Armor
41:22 Scale Barding Armor
41:25 Squires
41:11 Arson
41:44 Siege Engineers
43:47 Two-Man Saw
43:21 Crop Rotation
48:49 Fortified Wall
Connection lost

Rejoining the realm…

Still unreachable

The connection could not be restored.

Session expired

The server has moved on; the page needs a fresh start.